 Dungeon Crawl Stone Soup version 0.29-a0-364-g921d912d32 (webtiles) character file.

Game seed: 9498080838107906017

23 sammy202020 the Skirmisher (level 2, 0/36 HPs)
             Began as a Demonspawn Berserker on May 1, 2022.
             Was a Follower of Trog.
             Succumbed to a kobold's poison
             ... on level 1 of the Dungeon.
             The game lasted 00:01:25 (704 turns).

sammy202020 the Skirmisher (Demonspawn Berserker)    Turns: 704, Time: 00:01:26

Health: 0/36       AC:  5    Str: 17    XL:     2   Next: 75%
Magic:  2/2        EV: 11    Int:  8    God:    Trog [*.....]
Gold:   61         SH:  0    Dex: 12    Spells: 1/1 levels left

rFire   . . .      SeeInvis .   a - +0 hand axe
rCold   . . .      Faith    .   (no shield)
rNeg    . . .      Spirit   .   i - +0 ring mail
rPois   .          Reflect  .   (helmet restricted)
rElec   .          Harm     .   (no cloak)
rCorr   .          Rampage  .   (no gloves)
Will    .....                   (no boots)
Stlth   ..........              (no amulet)
HPRegen 0.12/turn               (no ring)
MPRegen 0.08/turn               (no ring)

@: berserking, lethally poisoned (0 -> -2), very quick
A: horns 1
a: Renounce Religion, Berserk


You were on level 1 of the Dungeon.
You worshipped Trog.
Trog was aware of your devotion.
You visited 1 branch of the dungeon, and saw 1 of its levels.

You collected 61 gold pieces.

Inventory:

Hand Weapons
 a - a +0 hand axe (weapon)
Armour
 i - a +0 ring mail (worn)
Scrolls
 f - a scroll of blinking {unknown}
 g - a scroll of identify {unknown}
 h - a scroll of fear {unknown}
Potions
 b - a potion of haste {unknown}
 c - a potion of heal wounds {unknown}
 d - a potion of lignification {unknown}
 e - a potion of berserk rage {unknown}
 j - 2 potions of resistance {unknown}


   Skills:
 * Level 3.3 Fighting
 * Level 3.1 Axes
 + Level 2.0 Armour
 + Level 2.0 Dodging


You had one spell level left.
You didn't know any spells.
Your spell library was empty.

Dungeon Overview and Level Annotations

Branches:
Dungeon (1/15)

Altars:


Innate Abilities, Weirdness & Mutations

You have a pair of small horns on your head.


Message History

You feel very sick.
The kobold hits you with a +0 dagger of venom.
You hit the kobold.
The kobold is moderately wounded.
You feel sick.
The kobold hits you with a +0 dagger of venom.
You are lethally poisoned!
The kobold barely misses you.
You slash the kobold!
You kill the kobold!
Trog accepts your kill.
You feel very sick.
You are too injured to fight recklessly!
You are too injured to fight recklessly!
You are too injured to fight recklessly!
You are too injured to fight recklessly!
You are too injured to fight recklessly!
You are too injured to fight recklessly!
You are too injured to fight recklessly!
You are too injured to fight recklessly!
You are too injured to fight recklessly!
You are too injured to fight recklessly!
You are too injured to fight recklessly!
You feel very sick.
* * * LOW HITPOINT WARNING * * *
You feel sick.
* * * LOW HITPOINT WARNING * * *
You feel sick.
* * * LOW HITPOINT WARNING * * *
You feel sick.
* * * LOW HITPOINT WARNING * * *
You feel sick.
* * * LOW HITPOINT WARNING * * *
You feel sick.
A red film seems to cover your vision as you go berserk!
You feel yourself moving faster!
You feel mighty!
* * * LOW HITPOINT WARNING * * *
You feel sick.
You feel a strong urge to attack something.
You die...

### ############ #>. ..........
#.## #......#
###..#############......#
..............)......$..#
.##.....................######
......####++## #.......)......
......###....###@..###########
......##......##...#
......##......##...#
##....#........#...#
#....#........#...#
#....#...##...#...#
##....#..####).#...#
......'..+><'..+...##############
###...#..####..#.....(...........


There were no monsters in sight!

Vanquished Creatures
  2 ball pythons (D:1)
  A bat (D:1)
  4 endoplasms (D:1)
  3 goblins (D:1)
  2 hobgoblins (D:1)
  4 kobolds (D:1)
  2 frilled lizards (D:1)
  2 rats (D:1)
20 creatures vanquished.

Notes
Turn   | Place    | Note
-------+----------+-------------------------------------------
     0 | D:1      | sammy202020 the Demonspawn Berserker began the quest for
                  | the Orb.
     0 | D:1      | Reached XP level 1. HP: 18/18 MP: 1/1
   139 | D:1      | Discovered your monstrous ancestry.
   139 | D:1      | Gained mutation: You have a pair of small horns on your
                  | head. [demonic ancestry]
   139 | D:1      | Reached XP level 2. HP: 13/24 MP: 2/2
   702 | D:1      | HP: 1/24 [poisoned by a kobold]
   704 | D:1      | Succumbed to a kobold's poison

Illustrated notes

Levels and vault maps discovered:
D:1:      dpeg_arrival_refuge, layout_basic, minmay_pentomino_u4

Skill      XL: |  1  2 |
---------------+-------+-----
Axes           | 3 |  3.1
Dodging        | 2 |  2.0
Armour         | 2 |  2.0
Fighting       | |  3.3

Action                   || total
-------------------------++-------
Melee: Hand axe          ||    51
       Headbutt          ||     2
Invok: Berserk           ||     1
  Use: Scroll            ||     1
Armor: Animal skin       ||     4
       Ring mail         ||     2
Dodge: Dodged            ||    34

Table legend: (Time is in decaauts)
 A = Elapsed time spent in this place.
 B = Non-inter-level travel time spent in this place.
 C = Inter-level travel time spent in this place.
 D = Time resting spent in this place.
 E = Time spent auto-exploring this place.
 F = Levels seen in this place.
 G = Mean time per level.
                   A        B        C        D        E       F      G
               +--------+--------+--------+--------+--------+-----+--------+
         Total |    712 |    706 |      6 |      0 |    545 |   1 |  712.0 |
       Dungeon |    712 |    706 |      6 |      0 |    545 |   1 |  712.0 |
               +--------+--------+--------+--------+--------+-----+--------+

Top non-repeatable levels by time:
     D:1: 712 daAuts
